 Dungeon Crawl Stone Soup version 0.30.0-5-g1a98f26d00 (webtiles) character file.

Game seed: 17064101684586346832

15271 PoweredByGinger the Severer (level 11, -2/105 HPs)
             Began as a Minotaur Gladiator on May 9, 2023.
             Was a High Priest of Okawaru.
             Slain by a black mamba (5 damage)
             ... on level 1 of the Lair of Beasts.
             The game lasted 00:21:42 (18399 turns).

PoweredByGinger the Severer (Minotaur Gladiator)   Turns: 18399, Time: 00:21:44

Health: -2/105     AC: 19    Str: 23    XL:     11   Next: 99%
Magic:  8/10       EV: 10    Int:  5    God:    Okawaru [*****.]
Gold:   705        SH:  0    Dex: 12    Spells: 10/10 levels left

rFire   . . .        a - +0 war axe
rCold   . . .        (no shield)
rNeg    + . .        U - +0 plate armour
rPois   .            c - +0 hat
rElec   .            (no cloak)
rCorr   .            P - +0 pair of gloves
SInv    +            r - +2 pair of boots
Will    .....        (no amulet) Stlth
                     l - ring of see invisible
HPRegen 0.37/turn    t - ring of positive energy
MPRegen 0.12/turn

%: no passive effects
@: lethally poisoned (-2 -> -21), about to teleport, heroic
A: horns 2, retaliatory headbutt
a: Renounce Religion, Heroism, Finesse, Duel


You were on level 1 of the Lair of Beasts.
You worshipped Okawaru.
Okawaru was extremely pleased with you.
You visited 3 branches of the dungeon, and saw 14 of its levels.

You collected 705 gold pieces.

Inventory:

Hand Weapons
 a - a +0 war axe (weapon)
 b - a +2 flail of protection
 O - a +0 shortbow
 R - a +1 heavy battleaxe
 X - a +1 morningstar of freezing
Missiles
 e - a javelin (quivered)
 g - 122 stones
 u - 11 silver boomerangs
 x - 29 poisoned darts
 I - 3 throwing nets
 L - 7 curare-tipped darts
 V - 3 atropa-tipped darts
Armour
 c - a +0 hat (worn)
 r - a +2 pair of boots (worn)
 P - a +0 pair of gloves (worn)
 U - a +0 plate armour (worn)
Jewellery
 l - a ring of see invisible (left hand)
 t - a ring of positive energy (right hand)
 y - a ring of protection from cold
 C - an amulet of the acrobat
 F - a ring of positive energy
 M - an amulet of guardian spirit
Wands
 d - a wand of digging (10)
 i - a wand of quicksilver (1)
 H - a wand of polymorph (18)
 J - a wand of charming (12)
 T - a wand of flame (13)
Scrolls
 h - 2 scrolls of blinking
 k - 2 scrolls of torment
 m - 4 scrolls of teleportation
 n - 6 scrolls of noise
 p - a scroll of butterflies {unknown}
 s - 2 scrolls of magic mapping
 v - 2 scrolls of fear
 w - 2 scrolls of immolation {unknown}
 A - a scroll of acquirement {unknown}
 E - 3 scrolls of amnesia {unknown}
 G - a scroll of brand weapon {unknown}
 N - a scroll of enchant armour {unknown}
 Q - a scroll of fog {unknown}
Potions
 f - a potion of mutation {unknown}
 j - 2 potions of lignification
 o - 3 potions of flight
 q - 6 potions of brilliance
 B - a potion of cancellation {unknown}
 D - a potion of degeneration {unknown}
 K - 2 potions of attraction
 S - 2 potions of might
 W - a potion of haste {unknown}


   Skills:
 - Level 12.3(17.3) Fighting
 * Level 18.8(23.8) Axes
 - Level 2.0(7.0) Throwing
 + Level 5.8(10.8) Armour
 - Level 3.2(8.2) Dodging


You had 10 spell levels left.
You didn't know any spells.
Your spell library contained the following spells:

 Spells                   Type           Power      Damage    Failure   Level
 Leda's Liquefaction      Hex/Erth       0%         N/A       100%        4
 Lee's Rapid Deconstruct  Erth           0%         3d4*      100%        5
 Statue Form              Tmut/Erth      0%         N/A       100%        6


Dungeon Overview and Level Annotations

Branches:
Dungeon (11/15)            Temple (1/1) D:7            Lair (2/5) D:9
    Orc (0/2) D:9
  Swamp: Lair:2-3    Shoals: Lair:2-3     Snake: Lair:2-3    Spider: Lair:2-3

Altars:
Ashenzari
Cheibriados
Dithmenos
Elyvilon
Fedhas
Gozag
Hepliaklqana
Kikubaaqudgha
Makhleb
Nemelex Xobeh
Okawaru
Qazlal
Ru
Sif Muna
Trog
Uskayaw
Vehumet
Wu Jian
Xom
Yredelemnul
Zin
The Shining One

Shops:
D:6 :

Annotations:
D:8 5 transporters


Innate Abilities, Weirdness & Mutations

You have a pair of horns on your head.
You reflexively headbutt those who attack you in melee.


Message History

The blink frog hits you! The black mamba barely misses you.
The blink frog hits you but does no damage.
The blink frog blinks!
The blink frog attacks as you move away!
The blink frog hits you but does no damage.
The black mamba bites you!
The black mamba attacks as you move away!
The black mamba bites you.
The black mamba bites you but does no damage.
You gain the combat prowess of a mighty hero.
The black mamba bites you. The black mamba closely misses you.
Unknown command.
You hit the black mamba.
The black mamba is moderately wounded.
You hit the polar bear. The black mamba bites you!
You are poisoned.
The black mamba poisons you!
The polar bear bites you but does no damage.
The polar bear claws you but does no damage.
The polar bear closely misses you.
Unknown command.
As you read the scroll of teleportation, it crumbles to dust.
You feel strangely unstable.
You feel very sick. The black mamba bites you!
* * * LOW HITPOINT WARNING * * *
The polar bear bites you.
* * * LOW HITPOINT WARNING * * *
The polar bear claws you but does no damage. x2
The black mamba bites you!
* * * LOW HITPOINT WARNING * * *
Unknown command.
You feel better. The black mamba bites you!
* * * LOW HITPOINT WARNING * * *
You are lethally poisoned!
The black mamba poisons you!
The blink frog blinks!
The polar bear bites you but does no damage.
The polar bear claws you but does no damage. x2
The black mamba bites you.
You die...

.#### #.#...... #...### #.#..##..
#.....## ##..#..#.. #......######
#...##.... #........#..#
##....##.. #..........##
##......# #..........# ###
##...... #..........###P#######
#.....#
#..............#@....######....##
##.........##§#S#h#.#.#.#.#.#.###
##......###.....F...........## #
##.....# ##>#.#.#.#.#.#.#.#####
##..#.## #.†...................
#..#### ##.#.#.#.#.#.#.#.#....
###.# #.F.................##
##..## ##.#.#.#.#.#.#.#.#.##.
#...# #######..#######.....


You could see a polar bear, a black mamba and a blink frog.

Vanquished Creatures
  Harold (D:10)
  A two-headed ogre (D:9)
  Pikel (D:4)
  Joseph (D:8)
  3 cane toads
  Psyche (D:10)
  A kobold demonologist (D:9)
  4 komodo dragons
  Grinder (D:5)
  A polar bear (D:8)
  Prince Ribbit (D:8)
  A wyvern (Lair:1)
  15 yaks
  2 unseen horror simulacra (D:8)
  Grum (D:8)
  2 steam dragons
  An acid dragon (D:10)
  6 water moccasins
  Duvessa (D:5)
  9 orc warriors
  2 black bears (D:7)
  2 sky beasts
  4 ice beasts
  5 ogres
  8 wolves
  4 centaurs
  2 lemures (D:4)
  4 kobold brigands
  6 bullfrogs
  5 gnoll sergeants (D:9)
  4 scorpions
  7 wights
  A hornet simulacrum (D:8)
  10 killer bees
  3 howler monkeys
  An electric eel (D:8)
  A wyvern simulacrum (D:8)
  3 jellies
  6 hounds
  3 orc priests
  4 iguanas
  A gnoll bouda (D:5)
  5 sleepcaps
  7 orc wizards
  A centaur simulacrum (D:8)
  3 adders
  12 gnolls
  3 white imps (D:8)
  A howler monkey simulacrum (D:8)
  2 ufetubi (D:8)
  31 orcs
  7 ball pythons
  4 bats
  3 endoplasms (D:1)
  5 giant cockroaches
  10 hobgoblins
  10 jackals
  13 kobolds
  5 quokkas
  3 frilled lizards
  7 goblins
  3 rats
275 creatures vanquished.

Vanquished Creatures (others)
  A wyvern (D:10)
1 creature vanquished.

Grand Total: 276 creatures vanquished

Notes
Turn   | Place    | Note
-------+----------+-------------------------------------------
     0 | D:1      | PoweredByGinger the Minotaur Gladiator began the quest for
                  | the Orb.
     0 | D:1      | Reached XP level 1. HP: 18/18 MP: 0/0
   188 | D:1      | Reached skill level 4 in Axes
   190 | D:1      | Reached XP level 2. HP: 22/25 MP: 1/1
   719 | D:2      | Reached XP level 3. HP: 31/31 MP: 2/2
  1523 | D:3      | Found a shimmering blue altar of Sif Muna.
  1523 | D:3      | Found a stormy altar of Qazlal.
  1547 | D:3      | Reached skill level 5 in Axes
  1736 | D:3      | Found a white marble altar of Elyvilon.
  2031 | D:3      | Found a hazy altar of Hepliaklqana.
  2425 | D:4      | Reached XP level 4. HP: 32/38 MP: 3/3
  2512 | D:4      | Reached skill level 6 in Axes
  2512 | D:4      | Reached XP level 5. HP: 27/46 MP: 4/4
  2885 | D:4      | Noticed a lemure
  2897 | D:4      | Killed a lemure
  2960 | D:4      | Noticed a lemure
  2960 | D:4      | Noticed Pikel
  2984 | D:4      | Killed a lemure
  3005 | D:4      | Identified the +2 leather armour of Tuad Set {Str+3}
  3007 | D:4      | Noticed a lemure
  3008 | D:4      | Noticed a lemure
  3021 | D:4      | Killed Pikel
  3021 | D:4      | HP: 2/47 [quokka (2)]
  3022 | D:4      | Reached skill level 8 in Axes
  3022 | D:4      | Reached XP level 6. HP: 3/57 MP: 5/5
  3022 | D:4      | Reached XP level 7. HP: 3/63 MP: 6/6
  3345 | D:4      | Reached skill level 9 in Axes
  3601 | D:5      | Entered Level 5 of the Dungeon
  3730 | D:5      | Noticed Grinder
  3736 | D:5      | Paralysed by Grinder for 4 turns
  4055 | D:5      | Noticed Dowan
  4056 | D:5      | Noticed Duvessa
  4058 | D:5      | Dowan changed into Dowan the steam dragon
  4058 | D:5      | Noticed Dowan
  4063 | D:5      | Killed Dowan the steam dragon
  4064 | D:5      | Reached XP level 8. HP: 31/71 MP: 7/7
  4071 | D:5      | HP: 2/71 [Duvessa/+0 short sword (6)]
  4073 | D:5      | Killed Duvessa
  4074 | D:5      | Reached skill level 10 in Axes
  4402 | D:5      | Killed Grinder
  4763 | D:5      | Reached skill level 11 in Axes
  5903 | D:6      | Reached skill level 12 in Axes
  5903 | D:6      | Reached XP level 9. HP: 74/82 MP: 8/8
  6183 | D:6      | Found a blossoming altar of Fedhas.
  6265 | D:6      | Found Zuugg's Tremendous Tomes.
  6450 | D:7      | Found a staircase to the Ecumenical Temple.
  6466 | Temple   | Entered the Ecumenical Temple
  6466 | Temple   | Noticed a green death
  6466 | Temple   | Noticed a Tzitzimitl
  6466 | Temple   | Noticed a tormentor
  6467 | Temple   | Noticed Pireaf the pandemonium lord
  6467 | Temple   | Noticed Zirumosi the pandemonium lord
  6471 | Temple   | Noticed a rust devil
  6495 | Temple   | Noticed Bimo Zar the pandemonium lord
  6495 | Temple   | Noticed a balrug
  6498 | Temple   | Noticed a tormentor
  6498 | Temple   | Noticed Simet the pandemonium lord
  6499 | Temple   | Noticed a red devil
  6538 | Temple   | Noticed a lorocyproca
  6539 | Temple   | Noticed Wohonoa the pandemonium lord
  6567 | Temple   | Noticed Waecun the pandemonium lord
  6567 | Temple   | Noticed a blizzard demon
  6616 | Temple   | Became a worshipper of Warmaster Okawaru
  7093 | D:7      | Reached * piety under Okawaru
  7094 | D:7      | Reached skill level 13 in Axes
  7476 | D:7      | Found a hide-covered altar of Uskayaw.
  7476 | D:7      | Found a broken altar of Ashenzari.
  8020 | D:8      | Found a shadowy altar of Dithmenos.
  8042 | D:8      | Reached skill level 10 in Fighting
  8042 | D:8      | Reached skill level 14 in Axes
  8182 | D:8      | Reached ** piety under Okawaru
  8217 | D:8      | Noticed Joseph
  8516 | D:8      | Reached XP level 10. HP: 10/93 MP: 9/9
  8520 | D:8      | Killed Joseph
  9185 | D:8      | Reached skill level 15 in Axes
  9216 | D:8      | Found a radiant altar of Vehumet.
  9234 | D:8      | Noticed Grum
  9249 | D:8      | Killed Grum
  9413 | D:8      | Noticed Prince Ribbit
  9423 | D:8      | Killed Prince Ribbit
  9506 | D:8      | Reached *** piety under Okawaru
  9741 | D:8      | Found a transporter.
 10032 | D:8      | Noticed a rakshasa
 10035 | D:8      | Noticed a white ugly thing
 10035 | D:8      | Noticed a centaur warrior
 10367 | D:8      | Reached skill level 16 in Axes
 10583 | D:8      | Found an opulent altar of Gozag.
 10789 | D:8      | Noticed a centaur warrior
 10799 | D:8      | Found a transporter.
 10799 | D:8      | Found a transporter.
 10816 | D:8      | Found a transporter.
 10873 | D:8      | Found a transporter.
 11280 | D:9      | Found a staircase to the Orcish Mines.
 12073 | D:8      | Reached **** piety under Okawaru
 12940 | D:9      | Reached XP level 11. HP: 84/104 MP: 7/10
 13680 | D:9      | Noticed a two-headed ogre
 13690 | D:9      | Killed a two-headed ogre
 13691 | D:9      | Reached skill level 17 in Axes
 14019 | D:9      | Found a staircase to the Lair.
 14142 | D:9      | Reached skill level 1 in Armour
 14494 | D:10     | Entered Level 10 of the Dungeon
 15090 | Lair:1   | Entered Level 1 of the Lair of Beasts
 16094 | D:10     | Reached skill level 18 in Axes
 16262 | D:10     | Noticed Harold
 16274 | D:10     | Killed Harold
 16454 | D:9      | Reached skill level 5 in Armour
 16458 | D:9      | Received a gift from Okawaru
 16754 | D:10     | Noticed Psyche
 16802 | D:10     | Killed Psyche
 17671 | Lair:1   | Reached ***** piety under Okawaru
 18398 | Lair:1   | HP: 2/105 [black mamba (12)]
 18399 | Lair:1   | Slain by a black mamba

Illustrated notes

Levels and vault maps discovered:
D:1:      dpeg_arrival_tiny_a, layout_rooms, hangedman_abyss_or_decor_stabs,
          minmay_splitting_lines, corexii_corridor_pit
D:2:      layout_loops_cross
D:3:      layout_loops_ring, mainiacjoe_overflow_cross_hatched,
          jmf_multi_god_temple, nicolae_hepliaklqana_hippocampus
D:4:      layout_basic, uniq_pikel
D:5:      layout_layer_cave, uniq_grinder, uniq_duvessa
D:6:      layout_loops_ring, general_overflow_altar, hangedman_decor_opposing,
          grunt_ministairs_15, nicolae_shop_i_like_big_books
D:7:      layout_basic, amethyst_overflow_temple_binary,
          minmay_temple_entry_statues_pillars
D:8:      gammafunk_the_bubble [the_bubble_gammafunk_roulette], layout_basic,
          nicolae_vehumet_radiance, grunt_dithmenos_smoke,
          nicolae_gozag_cash_rules_everything_around_me, serial_ice,
          serial_ice_m, serial_ice_n, serial_ice_a, serial_ice_f, serial_ice_g,
          serial_ice_h, serial_ice_l, serial_ice_e, serial_ice_o, serial_ice_c,
          uniq_grum, uniq_prince_ribbit1, uniq_joseph
D:9:      layout_loops_corners, lair_entry_dummy,
          kennysheep_orc_monster_closet_entryway, minmay_misc_feat_x,
          nicolae_zen_rock_garden
D:10:     layout_cave_pods, hellmonk_bongcloud_opening, uniq_psyche, uniq_harold
D:11:     layout_roguey, uniq_josephine, uniq_erica
Temple:   nicolae_temple_panitentiary
Lair:1:   layout_cave_pods, st_stairs_12, grunt_megastairs_2
Lair:2:   layout_loops_ring, grunt_megastairs_3, serial_bayou_shore_b

Skill      XL: |  1  2  3  4  5  6  7  8  9 10 11 |
---------------+----------------------------------+-----
Axes           | 4 5 6 8 9 12 14 16 18 | 18.8
Fighting       | 3 4 6 8 10 11 12 | 12.3
Armour         | 5 |  5.8
Throwing       | |  2.0
Dodging        | |  3.2

Action                     |  1- 3 |  4- 6 |  7- 9 | 10-12 || total
---------------------------+-------+-------+-------+-------++-------
  Melee: War axe           |    99 |    63 |   212 |   452 ||   826
         Headbutt          |    13 |    11 |    48 |    91 ||   163
         Unarmed           |       |       |    11 |     1 ||    12
         Punch             |       |       |     3 |     7 ||    10
  Throw: Throwing net      |       |     3 |     4 |       ||     7
         Javelin           |       |       |     1 |     1 ||     2
 Invoke: Heroism           |       |       |       |     5 ||     5
  Evoke: Wand              |       |       |       |     4 ||     4
    Use: Potion            |       |       |     3 |     8 ||    11
         Scroll            |       |       |     6 |    12 ||    18
   Stab: Held in net/web   |       |     1 |     1 |       ||     2
         Sleeping          |       |       |     1 |       ||     1
 Armour: Leather armour    |     5 |       |    61 |    50 ||   116
         Ring mail         |    29 |    16 |       |       ||    45
         Skin              |       |       |    10 |     3 ||    13
         Plate armour      |       |       |       |   136 ||   136
  Dodge: Dodged            |    68 |    24 |   146 |   231 ||   469
